 Dungeon Crawl Stone Soup version 0.17-a0-1951-g62301d3 (webtiles) character file.

107 Geeful the Vexing (level 4, -3/21 HPs)
             Began as a Vine Stalker Enchanter on Oct 2, 2015.
             Killed from afar by an orc wizard (6 damage)
             ... with a magic dart
             ... on level 2 of the Dungeon.
             The game lasted 00:08:18 (1909 turns).

Geeful the Vexing (Vine Stalker Enchanter)          Turns: 1909, Time: 00:08:18

Health: -3/21      AC:  3    Str: 11    XL:     4   Next: 86%
Magic:  0/8        EV: 12    Int: 16    God:
Gold:   113        SH:  0    Dex: 14    Spells: 3 memorised, 1 level left

rFire  . . .     SeeInvis .     a - +1 dagger
rCold  . . .     Clarity  .     b - +1 robe
rNeg   . . .     SustAt   .     (no shield)
rPois  .         Gourm    .     (no helmet)
rElec  .         Spirit   +     (no cloak)
rCorr  .         Warding  .     (no gloves)
rMut   .         Stasis   .     (no boots)
MR     .....                    (no amulet)
Stlth  ++........               (no ring)
                                (no ring)

@: not resistant to hostile enchantments, unstealthy
A: fangs 2, regeneration 1, magic shield, antimagic bite, no device heal 3, rot
immunity
a: no special abilities


You were on level 2 of the Dungeon.
You were very hungry.

You visited 1 branch of the dungeon, and saw 2 of its levels.

You collected 113 gold pieces.

Inventory:

Hand weapons
 a - a +1 dagger (weapon)
Missiles
 g - 3 poisoned needles
Armour
 b - a +1 robe (worn)
 k - a +0 buckler
Potions
 e - a potion of curing
Books
 c - a book of Maledictions

   Spells                             Type                      Level
   a - Corona                         Hexes                        1
   b - Ensorcelled Hibernation        Hexes/Ice                    2
   c - Confuse                        Hexes                        3
   d - Tukima's Dance                 Hexes                        3
   e - Dazzling Spray                 Conjuration/Hexes            3
Comestibles
 d - a bread ration
 f - 3 fruits
 i - a slice of pizza
 j - a royal jelly


   Skills:
 - Level 0.8 Short Blades
 - Level 1.5 Dodging
 - Level 3.6 Stealth
 - Level 2.1 Spellcasting
 + Level 5.4 Hexes


You had one spell level left.
You knew the following spells:

 Your Spells              Type           Power        Failure   Level  Hunger
a - Corona                Hex            ###....      2%          1    #......
b - Ensorcelled Hibernat  Hex/Ice        ##....       12%         2    ###....
c - Confuse               Hex            ###.....     10%         3    ###....


Dungeon Overview and Level Annotations

Branches:
Dungeon (2/15)

Altars:


Innate Abilities, Weirdness & Mutations

You have extremely sharp teeth.
Your natural rate of healing is unusually fast.
When hurt, damage is shared between your health and your magic reserves.
Your bite disrupts and absorbs the magic of your enemies.
Potions and wands cannot restore your health.
You are immune to rotting.


Message History

The magic dart hits you!
The orc wizard casts a spell.
The orc wizard blinks!
The orc shouts!
The orc wizard shouts!
The orc wizard points at you and mumbles some strange words.
The magic dart hits you!
* * * LOW HITPOINT WARNING * * *
Your magical contamination has completely faded away.
The orc wizard mumbles some strange words.
The orc wizard blinks!
You see here an adder skeleton.
The orc wizard gestures wildly while chanting.
The orc wizard seems to speed up.
A hobgoblin comes into view. It is wielding a club.
The orc wizard points at you and mumbles some strange words.
The magic dart hits you!
* * * LOW HITPOINT WARNING * * *
The orc wizard points at you and mumbles some strange words.
The magic dart hits you!
You die...

#..... #..... #..... ###
#..... ..# #############
#..... ..# #...........#
#..... ..# #....<......#
#..... ..# #...........#
#..... o.# #...@.....g.#
#..... ..# #...........#
#..... ### #...........#
######
#############o..........#
......o.o.÷..÷..........#
.....########...........#
####.# #...........# #.#
#####'####### #.# #.#


You could see an orc wizard and a hobgoblin (wandering).

Vanquished Creatures
  An orc priest (D:2)
  2 adders (D:2)
  A worm (D:2)
  2 giant geckos
  7 hobgoblins
  5 kobolds
  4 bats
  2 giant cockroaches (D:1)
  A giant newt (D:1)
  4 goblins
  16 jackals
  6 rats
51 creatures vanquished.

Notes
Turn   | Place    | Note
--------------------------------------------------------------
     0 | D:1      | Geeful the Vine Stalker Enchanter began the quest for the Orb.
     0 | D:1      | Reached XP level 1. HP: 9/9 MP: 4/4
   147 | D:1      | Reached XP level 2. HP: 13/13 MP: 6/6
   153 | D:1      | Learned a level 2 spell: Ensorcelled Hibernation
   794 | D:1      | Reached skill level 4 in Hexes
   843 | D:1      | Reached XP level 3. HP: 12/16 MP: 5/7
   938 | D:2      | Learned a level 3 spell: Confuse
  1532 | D:2      | Reached XP level 4. HP: 13/21 MP: 1/8
  1613 | D:2      | Reached skill level 5 in Hexes
  1909 | D:2      | Killed from afar by an orc wizard

Vault maps used:
D:1:      tarquinn_simple_flora_water_a, minmay_stone_trees_medium,
          columned_hall_lemuel

Action                   |  1- 3 |  4- 6 || total
-------------------------+-------+-------++-------
Melee: Dagger            |   177 |    23 ||   200
 Cast: Corona            |     4 |       ||     4
       Ensorcelled Hiber |     3 |     5 ||     8
  Use: Scroll            |       |     1 ||     1
       Potion            |       |     1 ||     1
 Stab: Sleeping          |     8 |     1 ||     9
       Distracted        |     1 |       ||     1
  Eat: Chunk             |     2 |     1 ||     3
